% Time on Ice - PORTLAND PIRATES
Lines # - Real PCT - Wanted PCT - Time Play
Normal Forward
1 - 36% - 33% - 18:31
2 - 31% - 32% - 16:24
3 - 27% - 28% - 13:53
4 - 6% - 7% - 3:16
Normal Defense
1 - 35% - 33% - 17:58
2 - 32% - 33% - 16:54
3 - 16% - 17% - 8:23
4 - 17% - 17% - 8:49
PP Forward
1 - 0% - 60%
2 - 0% - 40%
PP Defense
1 - 0% - 60%
2 - 0% - 40%
PK Forward
1 - 75% - 60% - 5:59
2 - 25% - 40% - 1:57
PK Defense
1 - 55% - 60% - 4:20
2 - 45% - 40% - 3:36
PK3 Forward
1 - 0% - 60%
2 - 0% - 40%
PK3 Defense
1 - 0% - 60%
2 - 0% - 40%
44 Forward
1 - 0% - 60%
2 - 0% - 40%
44 Defense
1 - 0% - 60%
2 - 0% - 40%
Last Minute Offensive  - 0:00
Last Minute Defensive  - 0:00
Total
Forward - 60:00
Defense - 60:00
% Time on Ice - WINNIPEG BEAVERS
Lines # - Real PCT - Wanted PCT - Time Play
Normal Forward
1 - 37% - 37% - 19:08
2 - 30% - 34% - 15:28
3 - 24% - 23% - 12:40
4 - 9% - 6% - 4:48
Normal Defense
1 - 32% - 33% - 16:45
2 - 33% - 32% - 17:15
3 - 30% - 27% - 15:31
4 - 5% - 8% - 2:33
PP Forward
1 - 50% - 53% - 4:00
2 - 50% - 47% - 3:56
PP Defense
1 - 53% - 53% - 4:11
2 - 47% - 47% - 3:45
PK Forward
1 - 0% - 50%
2 - 0% - 50%
PK Defense
1 - 0% - 53%
2 - 0% - 47%
PK3 Forward
1 - 0% - 50%
2 - 0% - 50%
PK3 Defense
1 - 0% - 50%
2 - 0% - 50%
44 Forward
1 - 0% - 50%
2 - 0% - 50%
44 Defense
1 - 0% - 52%
2 - 0% - 48%
Last Minute Offensive  - 0:00
Last Minute Defensive  - 0:00
Total
Forward - 60:00
Defense - 60:00
Play-by-Play 1st period 0:01 of 1st period - Jonathan Toews wins face-off versus Mika Zibanejad in neutral zone. 0:48 of 1st period - Shot by Travis Konecny. 0:48 of 1st period - Shot Blocked by Mika Zibanejad. 2:16 of 1st period - Shot by Brandon Tanev. 2:16 of 1st period - Stopped by Ben Bishop without a rebound. 2:17 of 1st period - Jonathan Toews wins face-off versus Sean Kuraly in PORTLAND PIRATES zone. 2:50 of 1st period - Shot by Gabriel Landeskog. 2:50 of 1st period - Shot Misses the Net. 2:52 of 1st period - Shot by Jonathan Toews. 2:52 of 1st period - Shot Misses the Net. 2:54 of 1st period - Shot by Gabriel Landeskog. 2:54 of 1st period - Stopped by Sergei Bobrovsky without a rebound. 2:55 of 1st period - Joe Pavelski wins face-off versus Brett Connolly in WINNIPEG BEAVERS zone. 3:17 of 1st period - Minor Penalty to Chandler Stephenson for Tripping. 3:18 of 1st period - Patrick Marleau wins face-off versus Yanni Gourde in PORTLAND PIRATES zone. 3:19 of 1st period - Shot by Ondrej Palat. 3:19 of 1st period - Shot Misses the Net. 3:21 of 1st period - Shot by Ondrej Palat. 3:21 of 1st period - Shot Misses the Net. 4:41 of 1st period - Shot by Ondrej Palat. 4:41 of 1st period - Deflect By Joel Armia. 4:41 of 1st period - Stopped by Ben Bishop with a rebound. 4:43 of 1st period - Shot by Ondrej Palat. 4:43 of 1st period - Shot Misses the Net. 4:53 of 1st period - Shot by Joel Armia. 4:53 of 1st period - Shot Misses the Net. 5:39 of 1st period - Shot by Gabriel Landeskog. 5:39 of 1st period - Stopped by Sergei Bobrovsky without a rebound. 5:40 of 1st period - Joe Pavelski wins face-off versus Jonathan Toews in WINNIPEG BEAVERS zone. 6:10 of 1st period - Ondrej Palat is hit by Rasmus Ristolainen and loses puck. 6:26 of 1st period - Icing by Carson Soucy. 6:27 of 1st period - Pavel Zacha wins face-off versus Colin Wilson in WINNIPEG BEAVERS zone. 6:56 of 1st period - Shot by Rickard Rakell. 6:56 of 1st period - Deflect By Pavel Zacha. 6:56 of 1st period - Stopped by Sergei Bobrovsky with a rebound. 8:01 of 1st period - Shot by Chandler Stephenson. 8:01 of 1st period - Stopped by Sergei Bobrovsky without a rebound. 8:02 of 1st period - Jonathan Toews wins face-off versus Ondrej Palat in WINNIPEG BEAVERS zone. 8:38 of 1st period - Shot by Jonathan Toews. 8:38 of 1st period - Shot Misses the Net. 8:40 of 1st period - Shot by Gabriel Landeskog. 8:40 of 1st period - Shot Blocked by Ian Cole. 10:33 of 1st period - Shot by Ondrej Palat. 10:33 of 1st period - Shot Misses the Net. 10:58 of 1st period - Icing by Yanni Gourde. 10:59 of 1st period - Mika Zibanejad wins face-off versus Chandler Stephenson in PORTLAND PIRATES zone. 11:09 of 1st period - Mika Zibanejad is hit by Travis Hamonic and loses puck. 11:21 of 1st period - Icing by Carson Soucy. 11:22 of 1st period - Mika Zibanejad wins face-off versus Rickard Rakell in WINNIPEG BEAVERS zone. 11:29 of 1st period - Shot by Mika Zibanejad. 11:29 of 1st period - Stopped by Ben Bishop with a rebound. 11:43 of 1st period - Shot by Rickard Rakell. 11:43 of 1st period - Stopped by Sergei Bobrovsky without a rebound. 11:44 of 1st period - Sean Kuraly wins face-off versus Jonathan Toews in WINNIPEG BEAVERS zone. 11:58 of 1st period - Icing by Rasmus Ristolainen. 11:59 of 1st period - Joe Pavelski wins face-off versus Jonathan Toews in PORTLAND PIRATES zone. 12:24 of 1st period - Off-side. 12:25 of 1st period - Brad Marchand wins face-off versus Pavel Zacha in neutral zone. 13:02 of 1st period - Shot by Mika Zibanejad. 13:02 of 1st period - Stopped by Ben Bishop with a rebound. 13:27 of 1st period - Shot by Joel Armia. 13:27 of 1st period - Shot Misses the Net. 13:29 of 1st period - Shot by Joel Armia. 13:29 of 1st period - Stopped by Ben Bishop without a rebound. 13:30 of 1st period - Jonathan Toews wins face-off versus Joe Pavelski in PORTLAND PIRATES zone. 13:30 of 1st period - Jonathan Toews is hit by Brandon Tanev. 13:39 of 1st period - Off-side. 13:40 of 1st period - Sean Kuraly wins face-off versus Travis Konecny in neutral zone. 14:00 of 1st period - Joel Armia is hit by Travis Hamonic and loses puck. 14:11 of 1st period - Shot by Patrick Marleau. 14:11 of 1st period - Deflect By Joel Armia. 14:11 of 1st period - Stopped by Ben Bishop without a rebound. 14:12 of 1st period - Joe Pavelski wins face-off versus Jason Dickinson in PORTLAND PIRATES zone. 14:16 of 1st period - Ondrej Palat is hit by Rasmus Ristolainen and loses puck. 14:47 of 1st period - Shot by Joe Pavelski. 14:47 of 1st period - Stopped by Ben Bishop with a rebound. 15:05 of 1st period - Shot by Mika Zibanejad. 15:05 of 1st period - Stopped by Ben Bishop without a rebound. 15:06 of 1st period - Pavel Zacha wins face-off versus Sean Kuraly in PORTLAND PIRATES zone. 15:27 of 1st period - Shot by Rickard Rakell. 15:27 of 1st period - Stopped by Sergei Bobrovsky without a rebound. 15:28 of 1st period - Mika Zibanejad wins face-off versus Jonathan Toews in WINNIPEG BEAVERS zone. 15:33 of 1st period - Shot by Brad Marchand. 15:33 of 1st period - Stopped by Ben Bishop without a rebound. 15:34 of 1st period - Pavel Zacha wins face-off versus Alexander Radulov in PORTLAND PIRATES zone. 17:44 of 1st period - Dylan DeMelo is hit by Chandler Stephenson and loses puck. 18:17 of 1st period - Shot by Jonathan Toews. 18:17 of 1st period - Stopped by Sergei Bobrovsky without a rebound. 18:18 of 1st period - Mika Zibanejad wins face-off versus Jason Dickinson in WINNIPEG BEAVERS zone. 18:18 of 1st period - Brad Marchand is hit by Ryan Donato and loses puck. 18:25 of 1st period - Shot by Brett Connolly. 18:25 of 1st period - Stopped by Sergei Bobrovsky without a rebound. 18:26 of 1st period - Mika Zibanejad wins face-off versus Jonathan Toews in WINNIPEG BEAVERS zone. 18:36 of 1st period - Icing by Thomas Chabot. 18:37 of 1st period - Joel Armia wins face-off versus Gabriel Landeskog in PORTLAND PIRATES zone. 18:56 of 1st period - Shot by Jonathan Toews. 18:56 of 1st period - Stopped by Sergei Bobrovsky with a rebound. 19:17 of 1st period - Shot by Jonathan Toews. 19:17 of 1st period - Stopped by Sergei Bobrovsky without a rebound. 19:18 of 1st period - Alexander Radulov wins face-off versus Chandler Stephenson in WINNIPEG BEAVERS zone. 19:45 of 1st period - Icing by Trevor Daley. 19:46 of 1st period - Chandler Stephenson wins face-off versus Joe Pavelski in PORTLAND PIRATES zone. 19:52 of 1st period - Ondrej Palat is hit by Brian Dumoulin and loses puck. Goals for this period are 0 for PORTLAND PIRATES vs 0 for WINNIPEG BEAVERS. Shots for this period are 10 for PORTLAND PIRATES vs 9 for WINNIPEG BEAVERS. 2nd period 0:01 of 2nd period - Mika Zibanejad wins face-off versus Pavel Zacha in neutral zone. 1:21 of 2nd period - Off-side. 1:22 of 2nd period - Sean Kuraly wins face-off versus Chandler Stephenson in neutral zone. 1:50 of 2nd period - Icing by Brett Pesce. 1:51 of 2nd period - Mika Zibanejad wins face-off versus Chandler Stephenson in PORTLAND PIRATES zone. 2:31 of 2nd period - Shot by Mika Zibanejad. 2:31 of 2nd period - Shot Misses the Net. 2:33 of 2nd period - Shot by Alexander Radulov. 2:33 of 2nd period - Shot Blocked by Yanni Gourde. 2:35 of 2nd period - Shot by Mika Zibanejad. 2:35 of 2nd period - Stopped by Ben Bishop without a rebound. 2:36 of 2nd period - Joe Pavelski wins face-off versus Jonathan Toews in PORTLAND PIRATES zone. 2:44 of 2nd period - Shot by Joe Pavelski. 2:44 of 2nd period - Shot Misses the Net. 3:00 of 2nd period - Shot by Gabriel Landeskog. 3:00 of 2nd period - Shot Misses the Net. 3:49 of 2nd period - Off-side. 3:50 of 2nd period - Mika Zibanejad wins face-off versus Jason Dickinson in neutral zone. 4:26 of 2nd period - Shot by Brad Marchand. 4:26 of 2nd period - Shot Hit the Post. 4:28 of 2nd period - Shot by Alexander Radulov. 4:28 of 2nd period - Shot Misses the Net. 4:55 of 2nd period - Shot by Patrick Marleau. 4:55 of 2nd period - Deflect By Joel Armia. 4:55 of 2nd period - Shot Misses the Net. 5:19 of 2nd period - Off-side. 5:20 of 2nd period - Jonathan Toews wins face-off versus Colin Wilson in neutral zone. 5:50 of 2nd period - Shot by Travis Konecny. 5:50 of 2nd period - Stopped by Sergei Bobrovsky without a rebound. 5:51 of 2nd period - Mika Zibanejad wins face-off versus Pavel Zacha in WINNIPEG BEAVERS zone. 6:18 of 2nd period - Shot by Brad Marchand. 6:18 of 2nd period - Stopped by Ben Bishop without a rebound. 6:19 of 2nd period - Jo